 Dungeon Crawl Stone Soup version 0.21.1-1-g345015f (webtiles) character file.

40 wilfster70 the Cutter (level 3, 21/21 HPs)
             Began as a Halfling Warper on June 11, 2018.
             Was a Follower of Hepliaklqana.
             Quit the game on level 2 of the Dungeon.
             The game lasted 00:05:05 (1383 turns).

wilfster70 the Cutter (Halfling Warper)             Turns: 1383, Time: 00:05:06

Health: 21/21      AC:  3    Str: 13    XL:     3   Next: 72%
Magic:  5/5        EV: 15    Int: 11    God:    Hepliaklqana [*.....]
Gold:   26         SH:  0    Dex: 13    Spells: 1/5 levels left

rFire    . . .     SeeInvis .   a - +0 short sword
rCold    . . .     Gourm    .   (shield restricted)
rNeg     . . .     Faith    .   b - +0 leather armour
rPois    .         Spirit   .   (no helmet)
rElec    .         Reflect  .   (no cloak)
rCorr    .         Harm     .   o - -1 pair of gloves (curse)
MR       .....                  (no boots)
Stlth    +.........             p - amulet of magic regeneration
HPRegen  0.07/turn              (no ring)
MPRegen  0.34/turn              (no ring)

@: no status effects
A: small, reduced essence, mutation resistance 1
a: Recall Ancestor, Ancestor Identity, Renounce Religion


You were on level 2 of the Dungeon.
You worshipped Hepliaklqana.
Hepliaklqana was aware of your devotion.
You were not hungry.

You visited 1 branch of the dungeon, and saw 2 of its levels.

You collected 26 gold pieces.

Inventory:

Hand Weapons
 a - a +0 short sword (weapon)
Missiles
 e - 5 tomahawks of dispersal (quivered)
 n - 33 sling bullets
Armour
 b - a +0 leather armour (worn)
 o - a cursed -1 pair of gloves (worn)
Jewellery
 p - an amulet of magic regeneration (around neck)
Scrolls
 d - a scroll of blinking
 k - 2 scrolls of remove curse
 l - a scroll of noise {unknown}
 m - a scroll of identify
Potions
 g - a potion of curing {unknown}
 i - a potion of mutation {unknown}
 j - a potion of haste {unknown}
Books
 c - a book of Spatial Translocations

   Spells                             Type                      Level
   a - Blink                          Translocation                2
   b - Shroud of Golubria             Charms/Translocation         2
   c - Lesser Beckoning               Translocation                3
   d - Gell's Gravitas                Translocation                3
   e - Teleport Other                 Translocation                3
   f - Passage of Golubria            Translocation                4
Comestibles
 f - 2 rations
 h - 3 chunks of flesh


   Skills:
 - Level 1.7 Fighting
 + Level 3.6 Short Blades
 - Level 1.0 Throwing
 - Level 1.1 Armour
 + Level 3.3 Dodging
 - Level 1.5 Spellcasting
 - Level 3.2 Translocations


You had one spell level left.
You knew the following spells:

 Your Spells              Type           Power        Failure   Level  Hunger
a - Blink                 Tloc           N/A          16%         2    ###....
b - Shroud of Golubria    Chrm/Tloc      #.........   30%         2    ###....


Dungeon Overview and Level Annotations

Branches:
Dungeon (2/15)

Altars:
Hepliaklqana


Innate Abilities, Weirdness & Mutations

You are small and have problems with some larger weapons.
You are somewhat resistant to further mutation.
Your life essence is reduced to manifest your ancestor. (-10% HP)


Message History

Eating one of 4 chunks of flesh.
You eat one of the 4 chunks of flesh.
This raw flesh tastes terrible.
HP restored.
You see here a hobgoblin skeleton.
Found a stone staircase leading up.
Found a faded altar of an unknown god.
Found a stone staircase leading down.
Found a ration.
There is a faded altar of an unknown god here.
You cannot tell which god this altar belongs to.
Convert to them anyway?
Okay, then.
Unknown command.
Press < or > to pray at altars.
You cannot tell which god this altar belongs to.
Convert to them anyway?
Hepliaklqana accepts your prayer! Hepliaklqana welcomes you!
Hepliaklqana forms a fragment of your life essence into the memory of your ancestor, Izel!
You can now recall your ancestor.
You can now remember your ancestor's identity.
Are you sure you want to abandon this character and quit the game? (Confirm with "yes".)

#.####.#####...#
#...÷..........#
###########....#
###.....### ##.....<....
##...........
#...♣........
############..♣_♣....#..
#......@R......♣....##..
#.########.##......>....
#..........##%.
########..## . #..# ..#
..#


You could see the friendly Izel the ancestor.

Vanquished Creatures
  An ooze (D:1)
  2 leopard geckos (D:1)
  8 bats
  3 giant cockroaches
  6 hobgoblins
  2 ball pythons
  A frilled lizard (D:2)
  3 goblins (D:1)
  A kobold (D:1)
  6 rats
33 creatures vanquished.

Notes
Turn   | Place    | Note
-------+----------+-------------------------------------------
     0 | D:1      | wilfster70 the Halfling Warper began the quest for the Orb.
     0 | D:1      | Reached XP level 1. HP: 14/14 MP: 3/3
   395 | D:1      | Reached XP level 2. HP: 18/19 MP: 4/4
   399 | D:1      | Learned a level 2 spell: Blink
   402 | D:1      | Learned a level 2 spell: Shroud of Golubria
   649 | D:1      | Reached XP level 3. HP: 18/24 MP: 5/5
  1367 | D:2      | Found a faded altar of an unknown god.
  1374 | D:2      | Became a worshipper of Hepliaklqana the Forgotten
  1374 | D:2      | Reached * piety under Hepliaklqana
  1383 | D:2      | Quit the game

Skill      XL: |  1  2 |
---------------+-------+-----
Short Blades   | 3 |  3.6
Dodging        | 3 |  3.3
Fighting       | |  1.7
Throwing       | |  1.0
Armour         | |  1.1
Spellcasting   | |  1.5
Translocations | |  3.2

Action                   || total
-------------------------++-------
Melee: Short sword       ||   118
  Use: Scroll            ||     2
  Eat: Chunk             ||     2
Armor: Leather armour    ||    23
Dodge: Dodged            ||   123
